 Dungeon Crawl Stone Soup version 0.29-a0-221-gceb61267dd (webtiles) character file.

Game seed: 10511889855316645065

439 Azmakalis the Stinger (level 7, -7/41 HPs)
             Began as an Octopode Venom Mage on Feb 26, 2022.
             Mangled by Pikel
             ... wielding a +1 whip of freezing
              (11 damage)
             ... on level 4 of the Dungeon.
             The game lasted 00:19:05 (5010 turns).

Azmakalis the Stinger (Octopode Venom Mage)         Turns: 5010, Time: 00:19:05

Health: -7/41      AC:  1    Str:  7    XL:     7   Next: 1%
Magic:  14/14      EV: 13    Int: 20    God:
Gold:   210        SH:  0    Dex: 12    Spells: 3/16 levels left

rFire   . . .      SeeInvis .   n - +1 broad axe (elec)
rCold   . . .      Faith    .   (no shield)
rNeg    . . .      Spirit   .   (helmet restricted)
rPois   .          Reflect  .   (no amulet)
rElec   .          Harm     .   W - ring of wizardry {Wiz+}
rCorr   .          Rampage  .   (no ring)
Will    .....                   (no ring)
Stlth   +++.......              (no ring)
HPRegen 0.13/turn               (no ring)
MPRegen 0.14/turn               (no ring)
                                (no ring)
                                (no ring)

@: no status effects
A: almost no armour, amphibious, 8 rings, camouflage 1, gelatinous body 1,
(nimble swimmer 1), tentacles
a: no special abilities


You were on level 4 of the Dungeon.
You visited 1 branch of the dungeon, and saw 4 of its levels.

You collected 210 gold pieces.

Inventory:

Hand Weapons
 m - a +0 scythe of freezing
 n - a +1 broad axe of electrocution (weapon)
 q - a +2 dagger of venom
Jewellery
 G - an amulet of guardian spirit {Spirit}
 W - a ring of wizardry (left tentacle) {Wiz+}
Wands
 b - a wand of acid (9)
Scrolls
 a - a scroll of blinking {unknown}
 c - 2 scrolls of magic mapping {unknown}
 g - 2 scrolls of holy word {!r}
 i - 2 scrolls of identify
 j - a scroll of enchant weapon {unknown}
 k - 2 scrolls of teleportation {unknown}
Potions
 d - 2 potions of resistance
 e - a potion of invisibility {unknown}
 f - a potion of attraction {unknown}
 h - a potion of mutation {unknown}
 l - 3 potions of curing {unknown}
 o - a potion of haste {unknown}
 p - a potion of might {unknown}


   Skills:
 - Level 2.0 Dodging
 - Level 2.6 Stealth
 - Level 5.0 Spellcasting
 + Level 2.2 Conjurations
 - Level 1.0 Transmutations
 - Level 6.1 Poison Magic


You had 3 spell levels left.
You knew the following spells:

 Your Spells              Type           Power      Damage    Failure   Level
a - Sting                 Tmut/Pois      76%        1d6       1%          1
b - Poisonous Vapours     Pois/Air       34%        N/A       1%          2
c - Olgreb's Toxic Radia  Pois           29%        N/A       4%          4
d - Stone Arrow           Conj/Erth      18%        3d8       9%          3
x - Mephitic Cloud        Conj/Pois/Air  16%        N/A       4%          3

Your spell library contained the following spells:

 Spells                   Type           Power      Damage    Failure   Level
 Sandblast                Erth           10%        2d5       4%          1
 Passwall                 Tmut/Erth      5%         N/A       6%          2
 Scorch                   Fire           10%        2d5       7%          2
 Dazzling Flash           Conj/Hex       18%        N/A       9%          3
 Summon Guardian Golem    Hex/Summ       5%         N/A       14%         3
 Flame Wave               Conj/Fire      9%         2d5       28%         4
 Iskenderun's Mystic Bla  Conj/Tloc      9%         2d4       28%         4
 Starburst                Conj/Fire      4%         6d4       98%         6
 Summon Cactus Giant      Summ           2%         N/A       99%         6
 Orb of Destruction       Conj           6%         9d6       100%        7
 Spellforged Servitor     Conj/Summ      4%         N/A       100%        7


Dungeon Overview and Level Annotations

Branches:
Dungeon (4/15)
 Temple: D:4-7

Altars:
Ashenzari
Kikubaaqudgha
Nemelex Xobeh
Zin

Annotations:
D:4 Duvessa, Grinder, Pikel


Innate Abilities, Weirdness & Mutations

You cannot wear most types of armour.
You are amphibious.
You can wear up to eight rings at the same time.
Your skin changes colour to match your surroundings (Stealth+).
Your rubbery body absorbs attacks. (AC +1, EV +1)
((You are camouflaged when in or above water. (Stealth+)))
You have tentacles for arms and can constrict up to eight enemies at once.


Message History

You hear a shout!
There is a stone staircase leading up here.
Aim: an ogre, wielding a +0 giant spiked club (wandering, hasn't noticed you) Poisonous vapours surround the ogre!
The ogre is poisoned.
You now have 12/14 mp.
A lemure comes into view.
The lemure moves out of view.
You hear a shout!
Things that are here:
a +0 leather armour; 2 boomerangs; a +0 whip You hear a shout!
Aim: an ogre, wielding a +0 giant spiked club (lightly wounded, poisoned) Poisonous vapours surround the ogre!
The ogre looks even sicker.
The ogre hits you with a +0 giant spiked club!
You take 8 damage, and have 33/41 hp.
You now have 10/14 mp.
You hear a shout!
You slash the ogre!
You hear a shout!
The ogre closely misses you.
The ogre hits you with a +0 giant spiked club.
You take 2 damage, and have 31/41 hp.
You hit the ogre.
The ogre hits you with a +0 giant spiked club!!
Ouch! That really hurt!
* * * LOW HITPOINT WARNING * * *
You take 30 damage, and have 1/41 hp.
MASSIVE DAMAGE!!
You hear a shout!
The ogre looks more healthy.
You hear a shout!
You hear a shout!
You hear a shout!
You hear a shout!
Okay, then.
Okay, then.
You hear a shout!
MP restored: 14 Pikel shouts!
Pikel hits you with a +1 whip of freezing!
You die...

#.#......# ..... ....
K..##..##o. ##.......##..#
.... .##.... .......#.
.... .. .. ...
#.##.....#...
...##.##.##.##..# ..#####
##........<.....###.......
................>.5.......
.........[#...@K........
..........##.#.O..♣.....
...........#.###.♣......
.........#.#.###....###
...##.........##....###
### #######.............
####...#...... #..........
..###......


You could see Pikel, an ogre and a lemure (wandering).

Levels and vault maps discovered:
D:1:      lightli_arrival_flooded_house, layout_loops_corners,
          hellmonk_ecumenical_altar_pennies_from_heaven
D:2:      minmay_inner_zag, layout_rooms, basic_altar, uniq_sigmund
D:3:      layout_loops_ring, lemuel_zombie_altar_kikubaaqudgha,
          amcnicky_altar_gilded, kennysheep_flooded_box,
          minmay_randomly_rotated_circles
D:4:      layout_rooms, chequers_mini_garden, kennysheep_diamond,
          nicolae_elevator_lobby_plus, uniq_grinder, uniq_duvessa, uniq_pikel,
          uniq_ijyb

Notes
Turn   | Place    | Note
-------+----------+-------------------------------------------
     0 | D:1      | Azmakalis the Octopode Venom Mage began the quest for the
                  | Orb.
     0 | D:1      | Reached XP level 1. HP: 11/11 MP: 3/3
    77 | D:1      | Identified a +0 dagger
    84 | D:1      | Reached skill level 4 in Poison Magic
   446 | D:1      | Reached XP level 2. HP: 17/17 MP: 1/5
   520 | D:1      | Identified a ring of wizardry
   550 | D:1      | Learned a level 2 spell: Poisonous Vapours
   611 | D:1      | Identified a +0 dagger
   998 | D:1      | Found a faded altar of an unknown god.
  1045 | D:1      | Identified a +0 leather armour
  1107 | D:1      | Identified a +0 leather armour
  1232 | D:1      | Reached XP level 3. HP: 21/21 MP: 6/6
  1233 | D:1      | Reached skill level 5 in Poison Magic
  1333 | D:1      | Learned a level 3 spell: Mephitic Cloud
  1812 | D:2      | You fall into a shaft and drop 2 floors!
  1812 | D:4      | Identified a +0 hand axe
  1812 | D:4      | Identified a +0 leather armour
  1812 | D:4      | Identified a +0 flail
  1857 | D:4      | Identified a +0 club
  1857 | D:4      | Identified a +0 chain mail
  1857 | D:4      | Identified a +0 whip
  1857 | D:4      | Identified a +0 leather armour
  1872 | D:4      | Identified a +0 flail
  1872 | D:4      | Identified a +0 leather armour
  1956 | D:4      | Identified a +0 short sword
  1960 | D:4      | Reached XP level 4. HP: 27/27 MP: 0/7
  2137 | D:3      | Found a sparkling altar of Nemelex Xobeh.
  2148 | D:3      | Reached skill level 6 in Poison Magic
  2391 | D:3      | Found an ancient bone altar of Kikubaaqudgha.
  2643 | D:3      | Identified a +0 whip
  2643 | D:3      | Identified a +0 spear
  2643 | D:3      | Identified a +0 halberd
  2790 | D:3      | Reached XP level 5. HP: 25/31 MP: 2/9
  2895 | D:2      | Reached skill level 3 in Spellcasting
  3081 | D:2      | Identified a +0 short sword
  3321 | D:2      | Found a glowing silver altar of Zin.
  3384 | D:2      | Identified a +0 scimitar
  3524 | D:2      | Identified a +0 scythe of freezing
  3524 | D:2      | Identified a +0 robe
  3524 | D:2      | Noticed Sigmund
  3528 | D:2      | HP: 6/31 [Sigmund/+0 scythe of freezing (4)]
  3539 | D:2      | Killed Sigmund
  3540 | D:2      | Reached skill level 4 in Spellcasting
  3540 | D:2      | Reached XP level 6. HP: 8/36 MP: 1/13
  3546 | D:2      | Identified 4 scrolls of identify
  3546 | D:2      | Identified 2 potions of resistance
  3547 | D:2      | Identified 2 scrolls of holy word
  3826 | D:3      | Identified a +0 ring mail
  3837 | D:3      | Identified an amulet of guardian spirit
  3927 | D:3      | Identified a +0 short sword
  3927 | D:3      | Identified a +0 ring mail
  3931 | D:3      | Identified a +0 whip
  3934 | D:3      | Reached skill level 5 in Spellcasting
  3934 | D:3      | Identified a +2 dagger of venom
  3934 | D:3      | Identified a +0 leather armour
  3975 | D:3      | Identified a +0 short sword
  3975 | D:3      | Identified a +0 leather armour
  3982 | D:3      | Learned a level 4 spell: Olgreb's Toxic Radiance
  4003 | D:3      | Identified a +1 broad axe of electrocution
  4064 | D:3      | Learned a level 3 spell: Stone Arrow
  4065 | D:3      | Identified a +0 dagger
  4165 | D:3      | Reached skill level 1 in Conjurations
  4301 | D:3      | Found a broken altar of Ashenzari.
  4339 | D:3      | Identified a +0 dagger
  4339 | D:3      | Identified a +0 hunting sling
  4572 | D:4      | Identified a +1 whip of freezing
  4572 | D:4      | Identified a +0 robe
  4572 | D:4      | Noticed Pikel
  4588 | D:4      | Identified the +0 scimitar "Syucw" {vorpal, Fragile rF++
                  | rN+++ Will-}
  4588 | D:4      | Identified a +0 chain mail
  4588 | D:4      | Identified a ring of magical power
  4588 | D:4      | Identified a +0 whip
  4588 | D:4      | Identified a +0 leather armour
  4596 | D:4      | Identified a +0 giant spiked club
  4596 | D:4      | Noticed Grinder
  4689 | D:4      | Identified a +0 mace
  4694 | D:4      | Identified a +0 dagger
  4694 | D:4      | Identified a +0 robe
  4694 | D:4      | Noticed Dowan
  4694 | D:4      | Noticed a black bear
  4696 | D:4      | Identified a +0 short sword
  4696 | D:4      | Identified a +0 ring mail
  4696 | D:4      | Noticed Duvessa
  4702 | D:4      | Killed Dowan
  4702 | D:4      | Identified a +1 vorpal hand axe
  4703 | D:4      | Reached skill level 2 in Conjurations
  4703 | D:4      | Reached XP level 7. HP: 41/41 MP: 8/14
  4703 | D:4      | Identified a +0 flail
  4703 | D:4      | Identified a +0 leather armour
  4705 | D:4      | HP: 6/41 [black bear (8)]
  4705 | D:4      | Identified a +0 short sword
  4705 | D:4      | Identified a +0 chain mail
  4988 | D:4      | HP: 1/41 [ogre/+0 giant spiked club (30)]
  5010 | D:4      | Mangled by Pikel

Table legend: (Time is in decaauts)
 A = Elapsed time spent in this place.
 B = Non-inter-level travel time spent in this place.
 C = Inter-level travel time spent in this place.
 D = Time resting spent in this place.
 E = Time spent auto-exploring this place.
 F = Levels seen in this place.
 G = Mean time per level.
                   A        B        C        D        E       F      G
               +--------+--------+--------+--------+--------+-----+--------+
         Total |   5037 |   4806 |    231 |    449 |   3501 |   4 | 1259.2 |
       Dungeon |   5037 |   4806 |    231 |    449 |   3501 |   4 | 1259.2 |
               +--------+--------+--------+--------+--------+-----+--------+

Top non-repeatable levels by time:
     D:3: 1803 daAuts
     D:1: 1414 daAuts
     D:2: 1342 daAuts
     D:4: 477 daAuts

Table legend:
 A = Kills in this place as a percentage of kills in entire the game.
 B = Kills by you in this place as a percentage of kills by you in the entire game.
 C = Kills by friends in this place as a percentage of kills by friends in the entire game.
 D = Other kills in this place as a percentage of other kills in the entire game.
 E = Experience gained in this place as a percentage of experience gained in the entire game.
 F = Experience gained in this place divided by the number of levels of this place that you have seen.
                   A       B       C       D       E      F
               +-------+-------+-------+-------+-------+----------------------
         Total | 100.0 | 100.0 |   N/A | 100.0 | 100.0 | 157.0
       Dungeon | 100.0 | 100.0 |   N/A | 100.0 | 100.0 | 157.0
               +-------+-------+-------+-------+-------+----------------------

Skill      XL: |  1  2  3  4  5  6 |
---------------+-------------------+-----
Poison Magic   | 4 5 6 |  6.1
Spellcasting   | 4 5 |  5.0
Conjurations   | 2 |  2.2
Dodging        | |  2.0
Stealth        | |  2.6
Transmutations | |  1.0

Action                   |  1- 3 |  4- 6 |  7- 9 || total
-------------------------+-------+-------+-------++-------
Melee: Unarmed           |     4 |       |       ||     4
       Constrict         |    16 |    17 |     1 ||    34
       Dagger            |    47 |    54 |       ||   101
       Tentacles         |    12 |    22 |     2 ||    36
       Punch             |       |     1 |       ||     1
       Broad axe         |       |    17 |     4 ||    21
       Scythe            |       |    13 |       ||    13
 Cast: Sting             |     7 |       |       ||     7
       Poisonous Vapours |    24 |    47 |     2 ||    73
       Mephitic Cloud    |       |     3 |     1 ||     4
       Olgreb's Toxic Ra |       |     2 |       ||     2
Evoke: Wand              |       |     2 |       ||     2
  Use: Scroll            |       |     2 |       ||     2
 Stab: Sleeping          |     4 |     9 |       ||    13
       Confused          |       |     1 |     1 ||     2
Armor: Skin              |     5 |     3 |       ||     8
Dodge: Dodged            |    17 |    56 |     8 ||    81

Vanquished Creatures
  Sigmund (D:2)
  3 lemures (D:4)
  Dowan (D:4)
  2 orc priests (D:3)
  3 gnolls (D:3)
  5 adders
  3 worms
  3 dart slugs
  8 orcs
  2 bat zombies (D:3)
  10 endoplasms
  4 giant cockroaches
  A goblin (D:3)
  3 hobgoblins
  7 jackals
  5 kobolds
  7 quokkas
  7 ball pythons
  7 bats
  4 frilled lizards
  8 rats
  A rat zombie (D:3)
95 creatures vanquished.
